 Dungeon Crawl Stone Soup version 0.28-a0-1080-g05a166d0ed (webtiles) character file.

Game seed: 10889935828620027169

84 leviel the Skirmisher (level 4, -3/41 HPs)
             Began as a Hill Orc Fighter on Dec 9, 2021.
             Was a Believer of Beogh.
             Slain by a gnoll (9 damage)
             ... on level 3 of the Dungeon.
             The game lasted 00:03:16 (1871 turns).

leviel the Skirmisher (Hill Orc Fighter)            Turns: 1871, Time: 00:03:17

Health: -3/41      AC:  7    Str: 20    XL:     4   Next: 46%
Magic:  3/4        EV:  9    Int:  8    God:    Beogh [**....]
Gold:   24         SH:  4    Dex: 10    Spells: 3/3 levels left

rFire   . . .      SeeInvis .   a - +1 long sword
rCold   . . .      Faith    .   c - +0 buckler
rNeg    . . .      Spirit   .   b - +0 scale mail
rPois   .          Reflect  .   (no helmet)
rElec   .          Harm     .   (no cloak)
rCorr   .          Rampage  .   (no gloves)
Will    .....      Clarity  +   (no boots)
Stlth   ..........              (no amulet)
HPRegen 0.13/turn               (no ring)
MPRegen 0.09/turn               (no ring)

@: mighty
A: clarity, screaming 1
a: Renounce Religion, Smiting


You were on level 3 of the Dungeon.
You worshipped Beogh.
Beogh was pleased with you.
You visited 1 branch of the dungeon, and saw 3 of its levels.

You collected 24 gold pieces.

Inventory:

Hand Weapons
 a - a +1 long sword (weapon)
Missiles
 e - a throwing net
Armour
 b - a +0 scale mail (worn)
 c - a +0 buckler (worn)


   Skills:
 + Level 4.4 Fighting
 + Level 3.1 Long Blades
 + Level 4.0 Armour
 - Level 4.0 Shields


You had 3 spell levels left.
You didn't know any spells.
Your spell library was empty.

Dungeon Overview and Level Annotations

Branches:
Dungeon (3/15)

Altars:
Beogh

Annotations:
D:2 Sigmund


Innate Abilities, Weirdness & Mutations

You possess an exceptional clarity of mind.
You occasionally shout uncontrollably at your foes.


Message History

You slash the worm!
The worm is heavily wounded.
You block the gnoll's attack. The worm barely misses you.
You slash the worm!
You kill the worm!
Beogh accepts your kill.
You can now smite your foes.
The gnoll closely misses you. The gnoll barely misses you.
Training target 4.0 for Shields reached!
Your Shields skill increases to level 4!
You hit the gnoll.
The gnoll is moderately wounded.
You block the gnoll's attack.
You hit the gnoll.
The gnoll is severely wounded.
The gnoll closely misses you.
You barely miss the gnoll.
The gnoll is severely wounded.
You block the gnoll's attack.
You hit the gnoll.
You kill the gnoll!
Beogh accepts your kill.
Your Armour skill increases to level 4!
You barely miss the gnoll.
The gnoll hits you with a +1 flail of holy wrath.
The gnoll hits you from afar with a +0 halberd!
The gnoll completely misses you.
You slash the gnoll!
The gnoll is almost dead.
The gnoll hits you from afar with a +0 halberd!
* * * LOW HITPOINT WARNING * * *
The gnoll completely misses you.
You closely miss the gnoll.
The gnoll is almost dead.
The gnoll barely misses you. The gnoll closely misses you.
You see here a worm corpse.
You aren't carrying any scrolls.
Okay, then.
You feel very mighty all of a sudden.
The gnoll hits you with a +1 flail of holy wrath!
You die...

###.#####.........
.......gw?........
##.###r##........
#..##........
##.###........
#.w# #####....
#####r## ...#
#.grg.# .# #@#####
........#
...######


You could see 2 gnolls, a quokka and a rat.

Vanquished Creatures
  Robin (D:2)
  2 gnolls (D:3)
  An adder skeleton (D:2)
  A worm (D:3)
  A dart slug (D:2)
  2 endoplasms (D:1)
  8 giant cockroaches (D:2)
  7 goblins (D:2)
  4 hobgoblins
  2 jackals (D:2)
  4 kobolds
  2 ball pythons
  3 bats (D:2)
  A frilled lizard (D:2)
  6 rats
45 creatures vanquished.

Notes
Turn   | Place    | Note
-------+----------+-------------------------------------------
     0 | D:1      | leviel the Hill Orc Fighter began the quest for the Orb.
     0 | D:1      | Reached XP level 1. HP: 19/19 MP: 1/1
   305 | D:1      | Found a faded altar of an unknown god.
   359 | D:1      | Reached XP level 2. HP: 27/27 MP: 2/2
   454 | D:1      | Prayed at the altar of an unknown god.
   454 | D:1      | Became a worshipper of Beogh the Brigand
   454 | D:1      | Reached * piety under Beogh
   790 | D:2      | Noticed Robin
   801 | D:2      | Killed Robin
   802 | D:2      | Reached XP level 3. HP: 3/33 MP: 3/3
  1400 | D:2      | Reached ** piety under Beogh
  1522 | D:2      | Reached XP level 4. HP: 40/40 MP: 4/4
  1534 | D:2      | Gained mutation: You possess an exceptional clarity of
                  | mind. [potion of mutation]
  1534 | D:2      | Gained mutation: You occasionally shout uncontrollably at
                  | your foes. [potion of mutation]
  1821 | D:2      | Noticed Sigmund
  1871 | D:3      | Slain by a gnoll

Illustrated notes

Levels and vault maps discovered:
D:1:      wander_arrival_peaceful_grave, layout_basic, basic_ecumenical_altar
D:2:      minmay_roachtagon, layout_basic, uniq_crazy_yiuf_cottage, uniq_robin,
          uniq_sigmund
D:3:      layout_rooms, xom_teletrap_fun, gammafunk_temple_overflow_arena,
          nicolae_dithmenos_shadow_blocks

Skill      XL: |  1  2  3  4 |
---------------+-------------+-----
Fighting       | 4 |  4.4
Long Blades    | 3 |  3.1
Shields        | 4 |  4.0
Armour         | 4 |  4.0

Action                   |  1- 3 |  4- 6 || total
-------------------------+-------+-------++-------
Melee: Long sword        |   102 |    19 ||   121
Invok: Smiting           |       |     1 ||     1
  Use: Scroll            |     3 |     1 ||     4
       Potion            |     2 |     2 ||     4
Armor: Scale mail        |    64 |     8 ||    72
Dodge: Dodged            |    49 |    11 ||    60
Block: Buckler           |    30 |     5 ||    35

Table legend: (Time is in decaauts)
 A = Elapsed time spent in this place.
 B = Non-inter-level travel time spent in this place.
 C = Inter-level travel time spent in this place.
 D = Time resting spent in this place.
 E = Time spent auto-exploring this place.
 F = Levels seen in this place.
 G = Mean time per level.
                   A        B        C        D        E       F      G
               +--------+--------+--------+--------+--------+-----+--------+
         Total |   1903 |   1876 |     27 |     46 |   1490 |   3 |  634.3 |
       Dungeon |   1903 |   1876 |     27 |     46 |   1490 |   3 |  634.3 |
               +--------+--------+--------+--------+--------+-----+--------+

Top non-repeatable levels by time:
     D:2: 1177 daAuts
     D:1: 698 daAuts
     D:3: 27 daAuts
